 Dungeon Crawl Stone Soup version 0.28-a0-1087-gf3fc490d9d (webtiles) character file.

Game seed: 15597371797476795391

9 karrick the Skirmisher (level 2, 0/19 HPs)
             Began as a Gargoyle Abyssal Knight on Dec 11, 2021.
             Was a Follower of Lugonu.
             Slain by an adder (3 damage)
             ... on level 2 of the Dungeon.
             The game lasted 00:01:58 (936 turns).

karrick the Skirmisher (Gargoyle Abyssal Knight)     Turns: 936, Time: 00:01:58

Health: 0/19       AC:  8    Str: 16    XL:     2   Next: 16%
Magic:  3/3        EV: 11    Int: 10    God:    Lugonu [*.....]
Gold:   67         SH:  0    Dex: 10    Spells: 1/1 levels left

rFire   . . .      SeeInvis .   a - +1 mace
rCold   . . .      Faith    .   (no shield)
rNeg    + . .      Spirit   .   b - +0 leather armour
rPois   ∞          Reflect  .   f - +1 helmet
rElec   +          Harm     .   (no cloak)
rCorr   .          Rampage  .   (no gloves)
Will    .....                   (no boots)
Stlth   +.........              (no amulet)
HPRegen 0.06/turn               (no ring)
MPRegen 0.08/turn               (no ring)

@: no status effects
A: sickness immunity, AC +2, negative energy resistance 1, electricity
resistance, torment resistance 1, petrification resistance
a: Renounce Religion, Depart the Abyss


You were on level 2 of the Dungeon.
You worshipped Lugonu.
Lugonu was aware of your devotion.
You visited 1 branch of the dungeon, and saw 2 of its levels.
You visited the Abyss 1 time.

You collected 67 gold pieces.

Inventory:

Hand Weapons
 a - a +1 mace (weapon)
Armour
 b - a +0 leather armour (worn)
 f - a +1 helmet (worn)
Scrolls
 c - a scroll of noise {unknown}
 d - 4 scrolls of silence {unknown}
 g - a scroll of amnesia {unknown}
Potions
 e - a potion of curing {unknown}
 h - a potion of degeneration {unknown}


   Skills:
 + Level 3.5 Fighting
 + Level 2.2 Maces & Flails
 + Level 2.4 Armour
 + Level 0.8 Dodging
 + Level 2.0 Invocations


You had one spell level left.
You didn't know any spells.
Your spell library was empty.

Dungeon Overview and Level Annotations

Branches:
Dungeon (2/15)

Altars:

Shops:
D:2 [


Innate Abilities, Weirdness & Mutations

You are immune to sickness and miasma.
Your stone body is resilient. (AC +2)
You are immune to poison.
You resist negative energy. (rN+)
You are resistant to electric shocks. (rElec)
You are resistant to unholy torment.
You are immune to petrification.


Message History

You closely miss the adder.
The adder is severely wounded.
The adder bites you but does no damage. x2
The frilled lizard bites you but does no damage.
The adder barely misses you.
You closely miss the adder.
The adder is severely wounded.
The adder bites you. The frilled lizard barely misses you.
The adder bites you but does no damage. The adder barely misses you.
You miss the adder.
The adder is severely wounded.
The adder bites you but does no damage.
The frilled lizard bites you but does no damage.
The adder barely misses you. The adder completely misses you.
The adder barely misses you. The frilled lizard closely misses you.
You closely miss the adder.
The adder is severely wounded.
The adder barely misses you. The adder bites you but does no damage.
The frilled lizard bites you but does no damage.
You barely miss the adder.
The adder is severely wounded.
The adder bites you but does no damage. x2
The frilled lizard bites you but does no damage.
The adder bites you but does no damage. x2
You hit the adder.
The adder is almost dead.
The adder bites you. The adder bites you but does no damage.
The frilled lizard bites you.
* * * LOW HITPOINT WARNING * * *
The adder bites you but does no damage. The adder bites you.
* * * LOW HITPOINT WARNING * * *
The frilled lizard bites you but does no damage.
Okay, then.
The adder misses you.
The frilled lizard bites you but does no damage.
The adder bites you but does no damage. The adder bites you but does no damage.
There is a stone staircase leading up here.
The adder closely misses you. The adder bites you.
You die...

# ########....
#...........
#.#.########
#.#.# #.. .
#.#@# #.## ..
##.#S# #..# ...
#..#S###..##...<
#.##l.##.....#
#.##....∩....#
#........#####
####..#.##..#
#.....S.##...#
#.##..#.####.#


You could see 3 adders and a frilled lizard.

Vanquished Creatures
  An endoplasm (D:1)
  A hobgoblin (D:1)
  A kobold (D:1)
  2 quokkas (D:1)
  A bat (D:2)
  A frilled lizard (D:1)
  2 rats (D:1)
9 creatures vanquished.

Notes
Turn   | Place    | Note
-------+----------+-------------------------------------------
     0 | Abyss:1  | karrick the Gargoyle Abyssal Knight began the quest for the
                  | Orb.
     0 | Abyss:1  | Reached XP level 1. HP: 14/14 MP: 2/2
    21 | D:1      | Escaped the Abyss
   391 | D:1      | Reached XP level 2. HP: 19/19 MP: 3/3
   896 | D:2      | Found Muysiraoc's Antique Armour Shoppe.
   936 | D:2      | Slain by an adder

Illustrated notes

Levels and vault maps discovered:
D:1:      tarquinn_simple_flora_water_d, layout_basic, minmay_misc_feat_pillars
D:2:      layout_loops_ring, serial_shops, nicolae_shop_bloodbath_and_beyond,
          nicolae_square_shop, nicolae_shop_behind_doors, shop,
          nicolae_shop_hallway_stairs, uniq_robin

Action                   || total
-------------------------++-------
Melee: Mace              ||    44
Armor: Leather armour    ||    51
Dodge: Dodged            ||    39

Table legend: (Time is in decaauts)
 A = Elapsed time spent in this place.
 B = Non-inter-level travel time spent in this place.
 C = Inter-level travel time spent in this place.
 D = Time resting spent in this place.
 E = Time spent auto-exploring this place.
 F = Levels seen in this place.
 G = Mean time per level.
                   A        B        C        D        E       F      G
               +--------+--------+--------+--------+--------+-----+--------+
         Total |    948 |    922 |     26 |      0 |    790 |   3 |  316.0 |
       Dungeon |    927 |    901 |     26 |      0 |    777 |   2 |  463.5 |
         Abyss |     21 |     21 |      0 |      0 |     13 |   1 |   21.0 |
               +--------+--------+--------+--------+--------+-----+--------+

Top non-repeatable levels by time:
     D:1: 864 daAuts
     D:2: 62 daAuts
 Abyss:1: 21 daAuts
